 Dungeon Crawl Stone Soup version 0.31.0-12-g77e489cdc1 (webtiles) character file.

Game seed: 14429307579607326756

550250 dchavez06 the Petrodigitator (level 26, -2/174 HPs)
             Began as a Gargoyle Monk on Feb 19, 2024.
             Was the Champion of Vehumet.
             Killed by a royal mummy's death curse (19 damage)
             ... on level 3 of the Tomb of the Ancients on Feb 25, 2024.
             The game lasted 03:46:41 (60963 turns).

dchavez06 the Petrodigitator (Gargoyle Monk)       Turns: 60963, Time: 03:46:42

Health: -2/174     AC: 58    Str: 16 (22) XL:     26   Next: 29%
Magic:  47/68      EV: 13    Int: 32      God:    Vehumet [******]
Gold:   4738       SH:  0    Dex: 13      Spells: 23/71 levels left

rFire   + + .        a - staff of earth
rCold   + + .        b - orb {light}
rNeg    + + +        c - +6 plate armour of Foddustre {rF+ Regen+ Str+8 Int-3}
rPois   ∞            d - +2 hat {Int+3}
rElec   +            e - +2 cloak
rCorr   .            f - +0 pair of gloves
SInv    +            g - +5 pair of boots "Itueruon" {rElec rPois MP+9}
Will    ++...        h - amulet of Uptujeg {rElec rC+ Will+ Regen+ Stlth+} Stlth
                     i - ring of Xaesog {+Blink rF+ rC+ EV+5 Dex+2}
HPRegen 2.09/turn    j - ring "Fiso Teuti" {^Contam rN++ MP+9 Int+5}
MPRegen 0.41/turn

%: no passive effects
@: flying, contaminated, glowing, studying 2 skills
A: sickness immunity, AC +20, big wings, negative energy resistance 1,
electricity resistance, torment resistance 1, petrification resistance,
iridescent scales 1, see invisible, clever 1, inability to read after injury 1
}: 3/15 runes: barnacled, silver, gossamer
a: Renounce Religion, Evoke Blink


You were on level 3 of the Tomb of the Ancients.
You worshipped Vehumet.
Vehumet was exalted by your worship.
You visited 9 branches of the dungeon, and saw 43 of its levels.

You collected 9033 gold pieces.
You spent 4295 gold pieces at shops.

Inventory:

Missiles
 m - 5 throwing nets (quivered)
Armour
 b - an orb of light (worn)
 c - the +6 plate armour of Foddustre (worn) {rF+ Regen+ Str+8 Int-3}
   (You found it on level 5 of the Vaults)

   Str+8:     It affects your strength (+8).
   Int-3:     It affects your intelligence (-3).
   rF+:       It protects you from fire.
   Regen+:    It increases your rate of health regeneration.
 d - a +2 hat of intelligence (worn)
 e - a +2 cloak (worn)
 f - a +0 pair of gloves (worn)
 g - the +5 pair of boots "Itueruon" (worn) {rElec rPois MP+9}
   (You found it on level 2 of the Dungeon)

   rElec:     It insulates you from electricity.
   rPois:     It protects you from poison MP+9: It affects your magic capacity
   (+9).
Magical Staves
 a - a staff of earth (weapon)
Jewellery
 h - the amulet of Uptujeg (around neck) {rElec rC+ Will+ Regen+ Stlth+}
   (You found it on level 3 of the Crypt)

   [amulet of regeneration]

   rC+:       It protects you from cold.
   rElec:     It insulates you from electricity.
   Will+:     It increases your willpower.
   Regen+:    It increases your rate of health regeneration.
   Stlth+:    It makes you more stealthy.
 i - the ring of Xaesog (left hand) {+Blink rF+ rC+ EV+5 Dex+2}
   (You found it on level 15 of the Dungeon)

   [ring of evasion]

   EV+5:      It affects your evasion (+5).
   Dex+2:     It affects your dexterity (+2).
   rF+:       It protects you from fire.
   rC+:       It protects you from cold.
   +Blink:    It lets you blink.
 j - the ring "Fiso Teuti" (right hand) {^Contam rN++ MP+9 Int+5}
   (You found it on level 15 of the Dungeon)

   [ring of magical power]

   Int+5:     It affects your intelligence (+5).
   rN++:      It greatly protects you from negative energy.
   MP+9:      It affects your magic capacity (+9).
   ^Contam:   It causes magical contamination when unequipped.
Wands
 o - a wand of roots (32)
 r - a wand of mindburst (27)
 s - a wand of light (41)
 y - a wand of digging (28)
 G - a wand of charming (38)
Scrolls
 l - 8 scrolls of fog
 q - 3 scrolls of silence
 t - 8 scrolls of fear
 x - 18 scrolls of teleportation
 z - 2 scrolls of amnesia
 A - 5 scrolls of poison
 B - a scroll of enchant armour
 H - 5 scrolls of vulnerability
 L - 10 scrolls of immolation
 N - 7 scrolls of blinking
 T - a scroll of brand weapon
 U - a scroll of revelation
Potions
 k - 13 potions of brilliance
 p - 13 potions of curing
 u - 5 potions of haste
 v - 4 potions of enlightenment
 w - 11 potions of attraction
 F - 2 potions of magic
 I - 11 potions of heal wounds
 J - a potion of resistance
 P - 4 potions of ambrosia
 R - 3 potions of might
 V - 3 potions of invisibility
Miscellaneous
 D - a lightning rod (4/4)
 K - a tin of tremorstones (2/2)
 O - a phantom mirror
 Q - a phial of floods


   Skills:
 - Level 20.0 Fighting
 - Level 12.0(13.2) Maces & Flails
 - Level 9.3(12.0) Staves
 - Level 15.0 Armour
 - Level 6.0 Dodging
 + Level 23.1 Spellcasting
 - Level 21.0 Conjurations
 - Level 10.0 Summonings
 - Level 4.0 Translocations
 O Level 27 Earth Magic
 - Level 4.0 Evocations


You had 23 spell levels left.
You knew the following spells:

 Your Spells              Type           Power      Damage    Failure   Level
a - Stone Arrow           Conj/Erth      100%       3d13      0%          3
b - Blink                 Tloc           100%       N/A       4%          2
c - Petrify               Alch/Erth      100%       N/A       1%          4
d - Borgnjor's Vile Clut  Necr/Erth      55%        N/A       1%          5
e - Bombard               Conj/Erth      68%        9d11      1%          6
f - Lehudib's Crystal Sp  Conj/Erth      68%        10d16     1%          8
g - Animate Armour        Summ/Erth      100%       N/A       1%          4
h - Spellforged Servitor  Conj/Summ      47%        N/A       6%          7
z - Shatter               Erth           71%        3d52*     7%          9

Your spell library contained the following spells:

 Spells                   Type           Power      Damage    Failure   Level
 Magic Dart               Conj           100%       1d8       0%          1
 Sandblast                Erth           100%       2d20      0%          1
 Searing Ray              Conj           100%       2d8       0%          2
 Passwall                 Erth           100%       N/A       0%          3
 Brom's Barrelling Bould  Conj/Erth      100%       2d11      0%          4
 Lee's Rapid Deconstruct  Erth           71%        3d32*     0%          5
 Sting                    Conj/Alch      100%       1d9       1%          1
 Summon Small Mammal      Summ           100%       N/A       1%          1
 Call Imp                 Summ           100%       N/A       1%          2
 Dazzling Flash           Conj/Hex       100%       N/A       1%          3
 Mephitic Cloud           Conj/Alch/Air  69%        N/A       1%          3
 Flame Wave               Conj/Fire      81%        2d18      1%          4
 Fulminant Prism          Conj/Alch      40%        3d19      1%          4
 Leda's Liquefaction      Alch/Erth      55%        N/A       1%          4
 Iskenderun's Battlesphe  Conj           100%       2d15      1%          5
 Apportation              Tloc           100%       N/A       3%          1
 Lesser Beckoning         Tloc           100%       N/A       4%          2
 Summon Ice Beast         Ice/Summ       62%        N/A       6%          3
 Freezing Cloud           Conj/Ice/Air   34%        6-21      7%          5
 Frozen Ramparts          Ice            72%        1d11      12%         3
 Inner Flame              Hex/Fire       36%        N/A       12%         3
 Necrotise                Necr           100%       1d9       16%         1
 Martyr's Knell           Necr/Summ      62%        N/A       19%         4
 Summon Blazeheart Golem  Fire/Summ      62%        N/A       19%         4
 Summon Lightning Spire   Summ/Air       62%        N/A       19%         4
 Summon Forest            Summ/Tloc      34%        N/A       24%         5
 Manifold Assault         Tloc           58%        N/A       28%         4
 Passage of Golubria      Tloc           58%        N/A       28%         4
 Ignite Poison            Fire/Alch      36%        N/A       36%         4
 Sticky Flame             Fire/Alch      36%        2d8       36%         4
 Summon Cactus Giant      Summ           39%        N/A       36%         6
 Fugue of the Fallen      Necr           36%        N/A       41%         3
 Ozocubu's Armour         Ice            36%        N/A       41%         3
 Tukima's Dance           Hex            36%        N/A       41%         3
 Vampiric Draining        Necr           36%        2d8       41%         3
 Summon Mana Viper        Hex/Summ       62%        N/A       47%         5
 Yara's Violent Unravell  Hex/Alch       18%        3d9       67%         5
 Anguish                  Hex/Necr       18%        N/A       83%         4
 Cause Fear               Hex            18%        N/A       83%         4
 Dispel Undead            Necr           36%        3d15      83%         4
 Monstrous Menagerie      Summ           39%        N/A       91%         7
 Summon Hydra             Summ           39%        N/A       91%         7
 Alistair's Intoxication  Alch           24%        N/A       99%         5
 Curse of Agony           Necr           36%        N/A       99%         5
 Metabolic Englaciation   Hex/Ice        18%        N/A       99%         5
 Silence                  Hex/Air        18%        N/A       99%         5
 Eringya's Noxious Bog    Alch           18%        4d6       99%         6
 Enfeeble                 Hex            18%        N/A       100%        7
 Haunt                    Necr/Summ      31%        N/A       100%        7
 Malign Gateway           Summ/Tloc      34%        N/A       100%        7
 Borgnjor's Revivificati  Necr           18%        N/A       100%        8
 Disjunction              Tloc           29%        N/A       100%        8
 Ignition                 Fire           18%        3d7       100%        8
 Summon Horrible Things   Summ           39%        N/A       100%        8
 Chain Lightning          Conj/Air       40%        3d54      100%        9
 Death's Door             Necr           18%        N/A       100%        9
 Fire Storm               Conj/Fire      40%        8d10      100%        9
 Cigotuvi's Dreadful Rot  Necr/Alch/Air  Unusable   N/A       N/A         2
 Sublimation of Blood     Necr           Unusable   N/A       N/A         2

Dungeon Overview and Level Annotations

Branches:
Dungeon (15/15)            Temple (0/1) D:7            Lair (5/5) D:10
 Shoals (4/4) Lair:2       Spider (4/4) Lair:2        Slime (0/5) Lair:4
    Orc (2/2) D:9             Elf (2/3) Orc:2        Vaults (5/5) D:14
  Crypt (3/3) Vaults:2       Tomb (3/3) Crypt:3      Depths (0/4) D:15

Altars:
Elyvilon
Gozag
Kikubaaqudgha
Nemelex Xobeh
Okawaru
Vehumet
Zin
The Shining One
Jiyva

Shops:
D:1 =   D:8 :   D:12 !   Orc:2 *(!!   Shoals:3 :   Vaults:1 (   Vaults:2 (
Vaults:4 *

Annotations:
D:8 2 transporters, nocore's ghost, novice DsNe
D:15 2 transporters


Innate Abilities, Weirdness & Mutations

You are immune to sickness and miasma.
Your stone body is resilient. (AC +20)
You are immune to poison.
Your large and strong wings let you fly.
You resist negative energy. (rN+)
You are resistant to electric shocks. (rElec)
You are resistant to unholy torment.
You are immune to petrification.
You are partially covered in iridescent scales. (AC +2)
You have supernaturally acute eyesight. (SInv)
Your mind is acute. (Int +4, Str/Dex -1)
You occasionally lose the ability to read scrolls when taking damage.


Message History

You hear a faint skittering sound.
The bennu pecks you!
* * * LOW HITPOINT WARNING * * *
The bennu misses you. The bennu claws you but does no damage.
A mummy comes into view.
The bennu pecks you.
* * * LOW HITPOINT WARNING * * *
The bennu claws you!
* * * LOW HITPOINT WARNING * * *
The bennu claws you.
* * * LOW HITPOINT WARNING * * *
An ushabti comes into view.
Casting: Shatter (dangerous; 7% risk of failure)
Confirm with . or Enter, or press ? or * to list all spells.
You feel a surge of power!
The dungeon rumbles!
Vehumet accepts your kill.
You feel your power returning.
The bennu, emptied of spiritual energy, fades out from this realm.
You destroy the royal mummy!
Vehumet accepts your kill.
You feel your power returning.
You kill the emperor scorpion!
The emperor scorpion's corpse disappears in a puff of smoke!
You destroy the royal mummy!
Vehumet accepts your kill.
You feel your power returning.
You destroy the ushabti!
Vehumet accepts your kill.
You feel your power returning.
You destroy the mummy!
Vehumet accepts your kill.
You feel your power returning.
Ka-crash!
You feel extremely nervous for a moment...
Your body is wracked with pain!
* * * LOW HITPOINT WARNING * * *
You feel extremely nervous for a moment...
Pain shoots through your body!!
You die...

.§§§.)...M..
...[..<..$..^......
.........#....^...
$................#
$.$^^.....§.†....#
($(...^...#.))...#
$$$$...†(.....†..#...
[$$$$.........)......
[$$$$$.@.........#..$
$$$$$............#
$:$$$$...#.......#
./$$$/$...#:.....#
..$$$$$.#.........
...$$$$..........##
.##....##.##.#.#.#
....# .. #.


There were no monsters in sight!

Vanquished Creatures
  6 dread liches
  23 royal mummies
  Saint Roka (Crypt:2)
  Margery (Vaults:2)
  A golden dragon (Vaults:5)
  Arachne (Spider:3)
  Jorgrun (Orc:2)
  A Hell Sentinel (Tomb:2)
  Asterion (Vaults:1)
  4 tentacled monstrosities (Vaults:5)
  9 liches
  2 quicksilver dragons (Vaults:5)
  A searing wretch (Vaults:2)
  A titan (Vaults:5)
  Polyphemus (Shoals:4)
  5 ancient champions
  Gastronok (D:9)
  A kraken (Shoals:1)
  10 sphinxes
  5 tengu reavers
  Donald (Orc:2)
  Kirke (D:15)
  3 storm dragons (Vaults:5)
  Roxanne (Spider:4)
  A shadow dragon (Vaults:5)
  Ilsuiw (Shoals:2)
  3 revenants
  3 fire giants (Vaults:5)
  4 frost giants
  A deep elf sorcerer (Vaults:5)
  14 vault wardens
  2 emperor scorpions
  The ghost of octoduck the Brawler, a journeyman TrFi of Yredelemnul (D:13)
  2 reapers (Crypt:3)
  4 curse skulls
  21 ironbound preservers
  2 ghouls (Crypt:2)
  4 orc warlords
  5 very ugly things (Vaults:5)
  2 formless jellyfish
  7 deep elf death magi
  8 ironbound thunderhulks
  3 deep elf demonologists
  3 vampire knights
  Nessos (Orc:2)
  4 stone giants
  2 deep elf annihilators
  2 war gargoyles (Vaults:5)
  A spark wasp (Spider:1)
  2 bennus (Tomb:3)
  5 eidola
  11 dire elephants
  6 jiangshi
  14 mummy priests
  14 merfolk impalers
  The ghost of hawla the Severer, a journeyman MiFi of Yredelemnul (D:13)
  6 ettins
  5 merfolk javelineers
  A fire dragon (Lair:5)
  Josephine (Orc:1)
  2 deep elf high priests (Vaults:5)
  3 entropy weavers
  3 spriggan zombies (Crypt:3)
  6 great orbs of eyes
  14 yaktaur captains
  A rakshasa (D:13)
  37 vault guards
  Erolcha (D:9)
  9 hydras
  5 merfolk avatars
  2 catoblepae
  A quicksilver dragon skeleton (Vaults:4)
  5 radroaches
  3 death knights
  An ice dragon (D:15)
  A peacekeeper (Vaults:3)
  14 centaur warriors
  10 ironbound frosthearts
  3 ogre magi
  8 boulder beetles
  The ghost of monsoonserge the Unseen, a journeyman SpMo of Uskayaw (D:11)
  2 spriggan skeletons
  An anaconda (shapeshifter) (Vaults:5)
  19 dancing weapons
  5 merfolk aquamancers (Shoals:4)
  4 jorogumos
  A hell hog (Lair:5)
  A deep troll shaman (Vaults:5)
  3 satyrs
  6 two-headed ogres
  26 death scarabs
  2 deep troll earth magi (Vaults:5)
  2 tengu warriors
  9 death yaks
  15 demonic crawlers
  4 vampire magi
  Urug (Lair:3)
  A titan zombie (Tomb:1)
  9 orc high priests
  Sonja (Lair:3)
  3 hell knights
  6 soul eaters
  8 deep elf knights
  An iron troll (Vaults:5)
  A titan skeleton (Crypt:3)
  The ghost of peterlawrence the Slicer, a novice MiFi (D:6)
  2 skysharks
  28 skeletal warriors
  A mana viper (shapeshifter) (Vaults:5)
  A bunyip zombie (Crypt:3)
  7 pharaoh ants
  2 deep elf archers (Elf:2)
  2 glowing orange brains
  43 deep trolls
  7 sea snakes
  2 flayed ghosts (Crypt:2)
  14 orb spiders
  16 necromancers
  5 steelbarb worms
  21 ironbound convokers
  13 phantasmal warriors
  A swamp dragon (Lair:5)
  2 sun moths (Spider:4)
  An anaconda skeleton (Tomb:1)
  3 arcanists
  A shadow dragon zombie (Crypt:1)
  An iron giant skeleton (Crypt:3)
  A bunyip skeleton (Crypt:1)
  11 harpies
  Pikel (D:6)
  2 tengu zombies (Vaults:4)
  14 deep elf pyromancers
  5 nameless horrors
  5 lindwurms
  21 orc knights
  A fire giant zombie (Vaults:4)
  7 cyclopes
  23 deep elf zephyrmancers
  11 fauns
  An eleionoma zombie (Crypt:1)
  9 orc sorcerers
  23 wolf spiders
  26 ugly things
  14 manticores
  Maurice (D:7)
  An iron dragon skeleton (Crypt:3)
  11 black mambas
  6 moths of wrath
  4 centaur zombies
  4 elephants
  6 water nymphs
  6 meliai
  3 kobold blastminers (Orc:2)
  6 merfolk sirens
  23 vault sentinels
  2 alligator snapping turtle zombies (Crypt:3)
  19 cane toads
  3 gargoyles
  A cane toad (shapeshifter) (Elf:1)
  7 rime drakes
  2 centaur skeletons
  8 torpor snails
  2 dire elephant skeletons
  24 komodo dragons
  2 unseen horrors (D:12)
  A kobold demonologist (D:12)
  3 efreet
  5 freezing wraiths
  A tengu conjurer (D:15)
  21 yaktaurs
  40 guardian mummies
  A minotaur skeleton (Crypt:1)
  A golden dragon simulacrum (Vaults:4)
  A queen bee (shapeshifter) (Elf:1)
  2 harpy zombies
  34 merfolk
  10 polar bears
  11 hellwings (Crypt:3)
  A sea snake skeleton (Crypt:2)
  A hornet (Lair:1)
  8 blink frogs (Lair:5)
  9 trolls
  Grinder (D:4)
  5 wind drakes
  A harpy skeleton (Tomb:1)
  A shadow dragon simulacrum (Vaults:4)
  A tarantella (shapeshifter) (D:15)
  2 raiju (Lair:5)
  5 glass eyes (D:15)
  3 snapping turtles
  14 tarantellas
  2 ettin zombies
  A fire dragon zombie (Crypt:1)
  A meliai zombie (Crypt:1)
  14 dream sheep
  Sigmund (D:3)
  A jumping spider (shapeshifter) (Vaults:5)
  22 jumping spiders
  A centaur simulacrum (D:15)
  36 slime creatures
  A vampire (D:10)
  70 yaks
  An ice dragon skeleton (Crypt:1)
  A satyr skeleton (Crypt:2)
  2 shadows
  14 ushabtiu
  2 black mamba skeletons (Crypt:3)
  A fire elemental (Elf:1)
  12 culicivoras
  A spriggan (shapeshifter) (D:12)
  7 water elementals
  12 wraiths
  Eustachio (D:4)
  12 humans (D:14)
  9 wyverns
  2 hogs (D:7)
  5 basilisks
  3 steam dragons
  57 redbacks
  6 wargs
  3 vampire mosquitoes (D:11)
  A swamp worm (shapeshifter) (Vaults:5)
  A yaktaur simulacrum (Vaults:4)
  7 hell hounds (Lair:5)
  2 naga zombies
  A deep troll zombie (Crypt:3)
  An acid dragon (Lair:5)
  An entropy weaver zombie (Crypt:2)
  A naga skeleton (Crypt:3)
  27 water moccasins
  2 swamp drakes
  A glowing shapeshifter skeleton (Crypt:2)
  27 orc warriors
  A demonspawn skeleton (Crypt:1)
  9 laughing skulls
  An ice beast (D:5)
  4 ogres (Orc:2)
  16 boggarts
  20 wolves
  16 black bears
  2 centaurs
  2 lemures (D:6)
  3 kobold brigands
  A human zombie (Vaults:4)
  10 bullfrogs
  A gnoll sergeant (D:7)
  5 earth elementals
  6 scorpions
  4 wyvern skeletons (Crypt:3)
  18 wights
  A human simulacrum (Vaults:4)
  11 killer bees
  A swamp dragon simulacrum (Crypt:1)
  3 electric eels (D:10)
  2 howler monkeys
  4 hounds
  17 orc priests
  2 bombardier beetles
  Crazy Yiuf (D:7)
  2 jellies (D:8)
  4 sleepcaps
  5 iguanas
  24 orc wizards
  7 hell rats (Lair:4)
  A killer bee zombie (Crypt:1)
  39 mummies
  7 gnolls
  A howler monkey skeleton (Crypt:2)
  11 adders
  4 ufetubi
  6 ribbon worms
  3 dart slugs
  74 orcs
  6 ball pythons
  8 endoplasms
  8 giant cockroaches
  4 goblins
  5 hobgoblins
  3 quokkas
  7 bats
  3 frilled lizards
  28 kobolds
  4 rats
  A tentacle (Shoals:1)
1982 creatures vanquished.

Vanquished Creatures (collateral kills)
  A dread lich (Crypt:2)
  A sphinx (Tomb:1)
  3 ancient champions
  3 tengu reavers
  A revenant (Crypt:2)
  A fire giant (D:15)
  A deep elf sorcerer (Vaults:2)
  5 vault wardens
  2 emperor scorpions (Spider:3)
  2 ghost moths (Spider:3)
  Louise (Shoals:2)
  A caustic shrike zombie (Crypt:3)
  A reaper (Crypt:3)
  A stone giant (D:15)
  2 ironbound thunderhulks
  2 spark wasps
  2 eidola (Crypt:3)
  An ettin (Vaults:5)
  3 mummy priests (Tomb:2)
  A great orb of eyes (Vaults:2)
  4 yaktaur captains
  2 vault guards (D:15)
  2 spriggan zombies (Crypt:3)
  A jorogumo (Spider:4)
  4 centaur warriors
  6 ironbound frosthearts
  An ogre mage (D:15)
  4 death scarabs (Tomb:1)
  A bennu skeleton (Crypt:1)
  4 dancing weapons (Elf:2)
  2 vampire magi
  A titan zombie (Crypt:2)
  A demonic crawler (Spider:4)
  2 hell knights (Vaults:2)
  2 soul eaters (Crypt:3)
  2 deep elf knights (Elf:2)
  3 skeletal warriors
  A titan skeleton (Crypt:3)
  A bunyip zombie (Crypt:3)
  A pharaoh ant (Spider:4)
  4 deep trolls
  A sun moth (Spider:2)
  2 bog bodies (Crypt:2)
  An arcanist (Vaults:4)
  3 orb spiders
  3 steelbarb worms
  4 lindwurms
  3 harpies
  8 phantasmal warriors
  4 orc knights
  4 necromancers (Crypt:3)
  2 deep elf zephyrmancers (Elf:2)
  4 wolf spiders
  3 deep elf pyromancers
  5 ugly things
  4 manticores
  A stone giant zombie (Crypt:3)
  A cyclops (D:15)
  A moth of wrath (Spider:4)
  5 fauns (Shoals:2)
  2 meliai
  A merfolk siren (Shoals:2)
  2 torpor snails (Spider:4)
  A rime drake (Lair:5)
  4 freezing wraiths
  4 guardian mummies
  2 yaktaurs (Vaults:3)
  2 hellwings (Crypt:3)
  A merfolk (Shoals:2)
  2 polar bears (Lair:5)
  2 tarantellas
  2 jumping spiders (Spider:4)
  8 slime creatures
  2 culicivoras
  2 centaur simulacra
  A shadow (D:12)
  A nameless horror (Crypt:1)
  4 hogs (D:15)
  3 wraiths
  A water elemental (Elf:1)
  A basilisk (D:15)
  4 humans (D:14)
  A warg (Lair:5)
  3 redbacks
  A harpy simulacrum (D:15)
  An acid dragon (Lair:5)
  A naga skeleton (Crypt:3)
  8 hell hounds (Lair:5)
  A black bear (Lair:5)
  A cane toad skeleton (Crypt:2)
  A swamp drake (Lair:5)
  A draconian zombie (Crypt:1)
  3 wolves (Lair:5)
  A warg skeleton (Crypt:2)
  4 mummies
  A ribbon worm zombie (Crypt:2)
  A white imp (D:7)
  2 orcs (D:7)
  A tentacle (Shoals:1)
227 creatures vanquished.

Vanquished Creatures (others)
  An ice dragon (D:14)
  A sun moth (Spider:4)
  An orc knight (Elf:2)
  A culicivora (Spider:4)
  A human (D:15)
  An orc warrior (Elf:2)
  An orc (Orc:2)
  2 tentacles (Shoals:1)
9 creatures vanquished.

Grand Total: 2218 creatures vanquished

Notes
Turn   | Place    | Note
-------+----------+-------------------------------------------
     0 | D:1      | dchavez06 the Gargoyle Monk began the quest for the Orb.
     0 | D:1      | Reached XP level 1. HP: 14/14 MP: 1/1
   159 | D:1      | Reached XP level 2. HP: 19/19 MP: 2/2
   260 | D:1      | Reached skill level 1 in Armour
   370 | D:1      | Found a faded altar of an unknown god.
   599 | D:1      | Found Hodghepo's Jewellery Shoppe.
   702 | D:1      | Reached XP level 3. HP: 23/23 MP: 3/3
  1070 | D:2      | Identified the +5 pair of boots "Itueruon" {rElec rPois
                  | MP+9}
  1646 | D:3      | Noticed Sigmund
  1721 | D:2      | Reached XP level 4. HP: 28/29 MP: 4/4
  2011 | D:2      | HP: 1/29 [orc priest/divine providence (16)]
  2021 | D:2      | HP: 1/29 [orc priest/divine providence (15)]
  2057 | D:3      | Reached XP level 5. HP: 33/33 MP: 5/5
  2429 | D:4      | Noticed Grinder
  2445 | D:4      | Paralysed by Grinder for 5 turns
  2452 | D:4      | Paralysed by Grinder for 3 turns
  2457 | D:4      | Killed Grinder
  2458 | D:4      | Reached XP level 6. HP: 30/38 MP: 6/6
  2614 | D:4      | Noticed Eustachio
  2621 | D:5      | Entered Level 5 of the Dungeon
  2688 | D:5      | Reached XP level 7. HP: 25/43 MP: 7/7
  2697 | D:5      | Reached skill level 5 in Maces & Flails
  2822 | D:5      | Learned a level 5 spell: Lee's Rapid Deconstruction
  2890 | D:5      | Reached skill level 1 in Earth Magic
  2978 | D:5      | Reached skill level 1 in Spellcasting
  3042 | D:5      | Reached skill level 2 in Earth Magic
  3117 | D:5      | Reached skill level 3 in Earth Magic
  3117 | D:5      | Reached XP level 8. HP: 48/48 MP: 9/9
  3381 | D:5      | Reached skill level 4 in Earth Magic
  3765 | D:6      | Noticed Pikel
  3785 | D:6      | Killed Pikel
  3786 | D:6      | Reached skill level 5 in Earth Magic
  3797 | D:6      | Reached skill level 6 in Earth Magic
  3855 | D:6      | Reached XP level 9. HP: 48/52 MP: 10/10
  3897 | D:6      | Found a glowing silver altar of Zin.
  3942 | D:6      | Found a glowing golden altar of the Shining One.
  4097 | D:6      | Found a radiant altar of Vehumet.
  4107 | D:6      | Became a worshipper of Vehumet
  4107 | D:6      | Reached * piety under Vehumet
  4107 | D:6      | Offered knowledge of Sandblast by Vehumet.
  4107 | D:6      | Reached ** piety under Vehumet
  4110 | D:6      | Learned a level 1 spell: Sandblast
  4141 | D:6      | Found a runed translucent door.
  4158 | D:6      | Offered knowledge of Foxfire by Vehumet.
  4250 | D:6      | Noticed peterlawrence's ghost (novice MiFi)
  4301 | D:6      | Learned a level 4 spell: Animate Armour
  4437 | D:3      | Killed Sigmund
  4438 | D:3      | Reached skill level 7 in Earth Magic
  5144 | D:4      | You fall into a shaft and drop 3 floors!
  5174 | D:7      | Noticed a death yak
  5174 | D:7      | Noticed a manticore
  5175 | D:7      | Found a runed translucent gate.
  5515 | D:4      | Killed Eustachio
  5553 | D:4      | Offered knowledge of Mercury Vapours by Vehumet.
  5669 | D:4      | Found an iron altar of Okawaru.
  5823 | D:5      | Reached skill level 8 in Earth Magic
  6097 | D:7      | Reached *** piety under Vehumet
  6246 | D:7      | Found a runed translucent door.
  6247 | D:7      | Noticed Crazy Yiuf
  6299 | D:7      | Noticed Maurice
  6330 | D:7      | Maurice stole an amulet of the acrobat
  6332 | D:7      | Maurice stole 30 poisoned darts
  6333 | D:7      | Maurice stole a +0 whip of freezing
  6342 | D:7      | Killed Maurice
  6343 | D:7      | Reached skill level 9 in Earth Magic
  6562 | D:7      | Reached skill level 10 in Maces & Flails
  6562 | D:7      | Reached XP level 10. HP: 32/56 MP: 11/11
  6734 | D:7      | Offered knowledge of Brom's Barrelling Boulder by Vehumet.
  6777 | D:7      | Found a runed translucent gate.
  6779 | D:7      | Found a runed translucent gate.
  6779 | D:7      | Noticed a death yak
  6779 | D:7      | Noticed a manticore
  6882 | D:7      | Found a staircase to the Ecumenical Temple.
  7242 | D:8      | Found Noim's Book Boutique.
  7251 | D:8      | Bought a book of Geomancy for 390 gold pieces
  7255 | D:8      | Learned a level 3 spell: Stone Arrow
  7269 | D:8      | Noticed a manticore
  7273 | D:8      | Noticed nocore's ghost (novice DsNe)
  7347 | D:8      | Reached skill level 1 in Conjurations
  7410 | D:7      | Reached **** piety under Vehumet
  7522 | D:7      | Offered knowledge of Flame Wave by Vehumet.
  7668 | D:8      | Reached skill level 5 in Armour
  7673 | D:8      | Reached skill level 10 in Earth Magic
  7832 | D:8      | Found a sparkling altar of Nemelex Xobeh.
  7833 | D:8      | Found an opulent altar of Gozag.
  7907 | D:8      | Found a transporter.
  7923 | D:8      | Found a transporter.
  8284 | D:9      | Noticed Gastronok
  8304 | D:9      | Killed Gastronok
  8305 | D:9      | Reached XP level 11. HP: 14/61 MP: 10/15
  8584 | D:9      | Reached skill level 11 in Earth Magic
  8791 | D:9      | Found a staircase to the Orcish Mines.
  8818 | D:9      | Reached ***** piety under Vehumet
  8825 | D:9      | Offered knowledge of Arcjolt by Vehumet.
  9019 | D:9      | Gained mutation: Your mind is acute. (Int +4, Str/Dex -1)
                  | [potion of mutation]
  9019 | D:9      | Gained mutation: You are partially covered in iridescent
                  | scales. (AC +2) [potion of mutation]
  9101 | D:9      | Noticed Erolcha
  9191 | D:9      | Killed Erolcha
  9547 | D:10     | Entered Level 10 of the Dungeon
 10210 | D:10     | Identified a scroll of acquirement
 10210 | D:10     | Acquired a book of Armaments
 10620 | D:10     | Found a staircase to the Lair.
 10636 | D:10     | Reached skill level 5 in Spellcasting
 10646 | D:10     | Learned a level 8 spell: Lehudib's Crystal Spear
 10913 | D:10     | Reached skill level 12 in Earth Magic
 10970 | D:11     | Reached XP level 12. HP: 66/66 MP: 20/20
 10999 | D:11     | Noticed a boulder beetle
 11022 | D:11     | Killed a boulder beetle
 11110 | D:11     | Reached skill level 5 in Conjurations
 11480 | D:11     | Found a runed translucent door.
 11481 | D:11     | Noticed monsoonserge's ghost (journeyman SpMo)
 12526 | D:11     | Reached skill level 13 in Earth Magic
 12530 | D:11     | Offered knowledge of Yara's Violent Unravelling by Vehumet.
 12735 | D:12     | Found Tateli's Distillery.
 12770 | D:12     | Bought a potion of curing for 42 gold pieces
 13083 | D:12     | Noticed an ogre mage
 13094 | D:12     | Killed an ogre mage
 13114 | D:12     | Noticed a two-headed ogre
 13117 | D:12     | Killed a two-headed ogre
 13118 | D:12     | Reached skill level 14 in Earth Magic
 13608 | D:13     | Reached XP level 13. HP: 21/70 MP: 8/22
 13899 | D:13     | Noticed a rakshasa
 13910 | D:13     | Killed a rakshasa
 14063 | D:13     | Found a runed translucent gate.
 14063 | D:13     | Found a runed translucent gate.
 14063 | D:13     | Found a runed translucent gate.
 14063 | D:13     | Noticed octoduck's ghost (journeyman TrFi)
 14580 | D:13     | Learned a level 3 spell: Passwall
 14708 | D:13     | Reached skill level 10 in Conjurations
 14708 | D:13     | Reached skill level 15 in Earth Magic
 14740 | D:13     | Found an ancient bone altar of Kikubaaqudgha.
 14741 | D:13     | Noticed a lich
 14741 | D:13     | Noticed hawla's ghost (journeyman MiFi)
 14745 | D:13     | Noticed a lich
 14745 | D:13     | Noticed a lich
 14905 | D:14     | Noticed an ice dragon
 14905 | D:14     | Found a gate to the Vaults.
 15323 | D:14     | Reached skill level 16 in Earth Magic
 15577 | D:14     | Reached skill level 1 in Translocations
 15802 | D:14     | Gained mutation: Your large and strong wings let you fly.
                  | [Gargoyle growth]
 15802 | D:14     | Reached XP level 14. HP: 40/76 MP: 9/23
 16207 | D:15     | Entered Level 15 of the Dungeon
 16207 | D:15     | Found a transporter.
 16213 | D:14     | Learned a level 2 spell: Blink
 16660 | D:15     | Offered knowledge of Plasma Beam by Vehumet.
 16992 | D:15     | Found a transporter.
 16992 | D:15     | Noticed a fire giant
 17171 | Orc:1    | Entered Level 1 of the Orcish Mines
 17223 | Orc:1    | Noticed Josephine
 17236 | Orc:1    | Killed Josephine
 17241 | Orc:1    | Reached skill level 17 in Earth Magic
 17834 | Orc:2    | Entered Level 2 of the Orcish Mines
 18094 | Orc:2    | Noticed Donald
 18107 | Orc:2    | Killed Donald
 18452 | Orc:2    | Found a staircase to the Elven Halls.
 18494 | Orc:2    | Noticed Jorgrun
 18532 | Orc:2    | Killed Jorgrun
 18900 | Lair:1   | Entered Level 1 of the Lair of Beasts
 19137 | D:10     | Learned a level 4 spell: Petrify
 19294 | Orc:2    | Paralysed by an orc sorcerer for 2 turns
 19742 | Orc:2    | Offered knowledge of Conjure Ball Lightning by Vehumet.
 19743 | Orc:2    | Found Zubezof's General Store.
 19836 | Orc:2    | Found Ydevargh's Distillery.
 19898 | Orc:2    | Found Noceemidd's Distillery.
 19900 | Orc:2    | Found Riutarr's Antique Weapon Emporium.
 19986 | Orc:2    | Gained mutation: You occasionally lose the ability to read
                  | scrolls when taking damage. [mutagenic glow]
 20136 | Orc:2    | Noticed Nessos
 20154 | Orc:2    | Killed Nessos
 20155 | Orc:2    | Reached skill level 18 in Earth Magic
 20155 | Orc:2    | Reached XP level 15. HP: 80/80 MP: 14/26
 21738 | D:6      | Killed peterlawrence's ghost
 21778 | D:6      | Acquired a staff of earth
 21853 | D:7      | Killed Crazy Yiuf
 21938 | D:7      | Reached skill level 1 in Staves
 21941 | D:7      | Reached skill level 1 in Evocations
 22285 | D:11     | Killed monsoonserge's ghost
 22654 | Lair:2   | Offered knowledge of Orb of Destruction by Vehumet.
 22832 | Lair:2   | Reached skill level 15 in Conjurations
 22916 | Lair:2   | Found a hole to the Spider Nest.
 23039 | Lair:2   | Reached skill level 19 in Earth Magic
 23071 | Lair:2   | Found the +8 whip "Snakebite" {venom, curare, rPois}
 23360 | Lair:2   | Found a staircase to the Shoals.
 23594 | Spider:1 | Entered Level 1 of the Spider Nest
 23926 | Spider:1 | Reached skill level 5 in Staves
 23980 | Spider:1 | Reached XP level 16. HP: 86/86 MP: 27/27
 23992 | Spider:1 | Reached skill level 5 in Fighting
 24283 | Spider:1 | Reached ****** piety under Vehumet
 24297 | Spider:1 | Offered knowledge of Bombard by Vehumet.
 24619 | Lair:1   | Learned a level 6 spell: Bombard
 24743 | Lair:3   | Noticed Urug
 24757 | Lair:3   | Killed Urug
 25080 | Lair:3   | Noticed Sonja
 25084 | Lair:3   | Killed Sonja
 25547 | Lair:3   | Reached skill level 20 in Earth Magic
 26488 | Lair:4   | Identified the +2 robe "Futhirchayce" {Stlth+}
 26833 | Lair:4   | Found a viscous altar of Jiyva.
 26841 | Lair:4   | Found a staircase to the Slime Pits.
 26911 | Lair:5   | Entered Level 5 of the Lair of Beasts
 27058 | Lair:5   | Offered knowledge of Starburst by Vehumet.
 27311 | Lair:5   | Reached skill level 10 in Spellcasting
 27335 | Lair:5   | Learned a level 7 spell: Spellforged Servitor
 27392 | Lair:5   | Reached skill level 5 in Dodging
 27442 | Lair:5   | Reached skill level 1 in Summonings
 27461 | Lair:5   | Reached XP level 17. HP: 59/93 MP: 18/31
 27568 | Lair:5   | Identified the +9 long sword "Zule" {holy, Str+3}
 28371 | Lair:5   | Offered knowledge of Fire Storm by Vehumet.
 28371 | Lair:5   | Offered knowledge of Shatter by Vehumet.
 28371 | Lair:5   | Offered knowledge of Chain Lightning by Vehumet.
 28952 | D:15     | Identified the ring "Munuhoet" {Wiz *Corrode Int+5 Stlth+}
 29013 | D:15     | Found a white marble altar of Elyvilon.
 29139 | D:15     | Noticed Kirke
 29141 | D:15     | Noticed a sphinx
 29147 | D:15     | Paralysed by a sphinx for 2 turns
 29149 | D:15     | Noticed a sphinx
 29279 | D:15     | Found a sparkling altar of Nemelex Xobeh.
 29614 | D:15     | Reached skill level 10 in Armour
 29719 | D:15     | Found an opulent altar of Gozag.
 29909 | D:15     | Killed Kirke
 30201 | D:15     | Identified the ring "Fiso Teuti" {^Contam rN++ MP+9 Int+5}
 30261 | D:15     | Found a staircase to the Depths.
 30464 | D:15     | Identified the ring of Xaesog {+Blink rF+ rC+ EV+5 Dex+2}
 30997 | Spider:2 | Learned a level 9 spell: Shatter
 31516 | D:13     | Killed a lich
 31517 | D:13     | Killed a lich
 31517 | D:13     | Killed a lich
 31520 | D:13     | Killed octoduck's ghost
 31521 | D:13     | Reached XP level 18. HP: 72/98 MP: 19/33
 31521 | D:13     | Killed hawla's ghost
 31632 | D:13     | Identified the +2 pair of boots "Tiziuhienu" {rF- Will++
                  | Str+3}
 31634 | D:13     | Identified the amulet "Ynovvud" {Acrobat Fly MP+9 Str+3
                  | Int-2}
 31919 | Elf:1    | Entered Level 1 of the Elven Halls
 31941 | Orc:2    | Reached skill level 21 in Earth Magic
 32685 | Spider:3 | Noticed Arachne
 32700 | Spider:3 | Killed Arachne
 33181 | Spider:3 | Reached skill level 22 in Earth Magic
 33267 | Spider:3 | Identified the +5 long sword "Byalei" {freeze, rF+ rN+
                  | Stlth+}
 33850 | Spider:3 | Identified the +4 glaive "Danipt" {holy, Fly rCorr Int+5
                  | Dex-3}
 34368 | Spider:4 | Entered Level 4 of the Spider Nest
 34661 | Spider:3 | Reached skill level 23 in Earth Magic
 35584 | Spider:4 | Reached XP level 19. HP: 97/103 MP: 7/34
 35756 | Spider:4 | Reached skill level 24 in Earth Magic
 35928 | Spider:4 | Noticed Roxanne
 35930 | Spider:4 | Killed Roxanne
 36247 | Spider:4 | Got a gossamer rune of Zot
 36698 | Vaults:1 | Entered Level 1 of the Vaults
 37483 | Elf:1    | Got the Lessons on the Gang
 37618 | Elf:2    | Reached skill level 5 in Summonings
 37836 | Elf:2    | Found a runed translucent gate.
 37838 | Elf:2    | Found a runed translucent gate.
 37839 | Elf:2    | Found a runed translucent gate.
 39006 | Vaults:1 | Reached XP level 20. HP: 95/112 MP: 36/36
 39025 | Vaults:1 | Found Dueten's Weapon Shop.
 39129 | Vaults:1 | Identified the +4 arbalest "Neegh" {flame, rF+ rCorr Str-3
                  | Dex+2}
 39582 | Vaults:1 | Noticed Asterion
 39588 | Vaults:1 | Killed Asterion
 40144 | Vaults:1 | Reached skill level 25 in Earth Magic
 40329 | Vaults:2 | Reached skill level 10 in Fighting
 40692 | Vaults:2 | Found Xikuff's Weapon Emporium.
 41149 | Vaults:2 | Reached skill level 26 in Earth Magic
 41457 | Vaults:2 | Found a staircase to the Crypt.
 41493 | Vaults:2 | Noticed Margery
 41497 | Vaults:2 | Killed Margery
 41581 | Vaults:2 | Reached XP level 21. HP: 122/122 MP: 37/37
 41592 | Vaults:2 | Learned a level 5 spell: Borgnjor's Vile Clutch
 42160 | Vaults:3 | Found the ring of Shadows {Umbra +Inv Stlth+}
 42485 | Vaults:3 | Reached skill level 27 in Earth Magic
 44797 | Vaults:4 | Reached skill level 15 in Spellcasting
 45097 | Vaults:4 | Identified the +0 long sword of Ignis's Displeasure
                  | {freeze, rCorr Int+2 Dex-4}
 45405 | Vaults:4 | Reached XP level 22. HP: 125/127 MP: 41/41
 45952 | Vaults:4 | Found Haprir's General Store.
 45963 | Vaults:4 | Bought a scroll of blinking for 82 gold pieces
 45963 | Vaults:4 | Bought a scroll of blinking for 82 gold pieces
 45963 | Vaults:4 | Bought a scroll of fear for 44 gold pieces
 46350 | Orc:2    | Bought a potion of heal wounds for 55 gold pieces
 46978 | Vaults:5 | Entered Level 5 of the Vaults
 46981 | Vaults:5 | Noticed a dread lich
 46989 | Vaults:5 | Paralysed by something for 3 turns
 46993 | Vaults:5 | Killed a dread lich
 47095 | Vaults:5 | Noticed a golden dragon
 47095 | Vaults:5 | Identified the ring "Jatont" {Will+++ rCorr Str-3 SInv}
 47099 | Vaults:5 | Noticed a dread lich
 47152 | Vaults:5 | Noticed a dread lich
 47153 | Vaults:5 | Noticed a dread lich
 47154 | Vaults:5 | Killed a dread lich
 47154 | Vaults:5 | Killed a dread lich
 47154 | Vaults:5 | Killed a dread lich
 47155 | Vaults:5 | Reached XP level 23. HP: 139/140 MP: 44/44
 47156 | Vaults:5 | Killed a golden dragon
 47526 | Vaults:5 | Identified the amulet of Ephemeral Luck {Regen+ Int+3}
 48045 | Vaults:5 | Identified the +1 dagger of Callousness {flame, Will+ Int+4
                  | Dex+3}
 48079 | Vaults:5 | Identified the +6 plate armour of Foddustre {rF+ Regen+
                  | Str+8 Int-3}
 48173 | Vaults:5 | Found the +4 Cigotuvi's embrace {Corpsefed rMiasma ^Drain
                  | rN+}
 48326 | Vaults:5 | Got a silver rune of Zot
 48472 | Vaults:5 | Acquired 672 gold pieces
 48510 | Vaults:5 | Identified the +0 robe "Opaplis" {rN++ Int+4}
 48519 | Vaults:5 | Identified the +1 chain mail of Untold Secrets {Will-
                  | Regen+ MP+9}
 48544 | Vaults:5 | Identified the +0 chain mail of the Land of Plenty {+Inv
                  | SInv}
 49313 | Shoals:1 | Entered Level 1 of the Shoals
 49366 | Shoals:1 | Acquired 1125 gold pieces
 49480 | Shoals:3 | Found Ilyntey's Self-Improvement Boutique.
 49493 | Shoals:3 | Bought a manual of Conjurations for 1200 gold pieces
 49493 | Shoals:3 | Bought a manual of Fighting for 1200 gold pieces
 49493 | Shoals:3 | Bought a manual of Spellcasting for 1200 gold pieces
 50542 | Shoals:2 | Noticed Louise
 50552 | Shoals:2 | Killed Louise
 50626 | Shoals:2 | Noticed Ilsuiw
 50631 | Shoals:2 | Killed Ilsuiw
 50632 | Shoals:2 | Reached skill level 15 in Fighting
 51098 | Shoals:2 | Reached skill level 15 in Armour
 51770 | Shoals:4 | Entered Level 4 of the Shoals
 51971 | Shoals:4 | Noticed Polyphemus
 51994 | Shoals:4 | Killed Polyphemus
 52346 | Shoals:4 | Reached XP level 24. HP: 151/151 MP: 45/45
 52487 | Shoals:4 | Got Xoati's Spellbook of the Dark Traveller
 52493 | Shoals:4 | Learned a level 4 spell: Animate Armour
 52600 | Shoals:4 | Got a barnacled rune of Zot
 53296 | Crypt:1  | Entered Level 1 of the Crypt
 53895 | Crypt:1  | Paralysed by a vampire knight for 4 turns
 54585 | Crypt:2  | Noticed Saint Roka
 54588 | Crypt:2  | Killed Saint Roka
 54622 | Crypt:2  | Noticed a dread lich
 54636 | Crypt:2  | Killed a dread lich
 55930 | Crypt:3  | Entered Level 3 of the Crypt
 56814 | Crypt:3  | Noticed a dread lich
 56814 | Crypt:3  | Noticed a dread lich
 56817 | Crypt:3  | Killed a dread lich
 56817 | Crypt:3  | Killed a dread lich
 56857 | Crypt:3  | Identified the ring of Entrepreneurial Spirit {*Corrode
                  | Will+ Str+7 Dex+6 Slay+2}
 56860 | Crypt:3  | Identified the +6 great mace "Hery" {flame, ^Contam Will+
                  | Str+3 Dex+3}
 56994 | Crypt:3  | Reached XP level 25. HP: 114/160 MP: 48/48
 57180 | Crypt:3  | Got the Lectures on Malevolent Secrets
 57310 | Crypt:3  | Identified the ring of Intercession {rN+ Stlth+}
 57310 | Crypt:3  | Identified the amulet of Uptujeg {rElec rC+ Will+ Regen+
                  | Stlth+}
 57310 | Crypt:3  | Identified the ring "Xereu" {rF+ rC+ rN+}
 57345 | Crypt:3  | Found an ancient bone altar of Kikubaaqudgha.
 57657 | Crypt:3  | Found a staircase to the Tomb.
 57892 | Crypt:3  | Identified the +0 chain mail "Purolyd" {rPois}
 58617 | Tomb:1   | Entered Level 1 of the Tomb of the Ancients
 58891 | Tomb:1   | Noticed a royal mummy
 58896 | Tomb:1   | Noticed a royal mummy
 58900 | Tomb:1   | Noticed a royal mummy
 58901 | Tomb:1   | Killed a royal mummy
 58901 | Tomb:1   | Killed a royal mummy
 58904 | Tomb:1   | Noticed a royal mummy
 58905 | Tomb:1   | Killed a royal mummy
 58906 | Tomb:1   | Noticed a royal mummy
 58906 | Tomb:1   | Noticed a royal mummy
 58910 | Tomb:1   | Killed a royal mummy
 58911 | Tomb:1   | Killed a royal mummy
 58911 | Tomb:1   | Killed a royal mummy
 58914 | Tomb:1   | Noticed a royal mummy
 58931 | Tomb:1   | Killed a royal mummy
 58939 | Tomb:1   | Noticed a royal mummy
 58969 | Tomb:1   | Killed a royal mummy
 59373 | Tomb:1   | Noticed a royal mummy
 59379 | Tomb:1   | Killed a royal mummy
 59419 | Tomb:1   | Noticed a royal mummy
 59424 | Tomb:1   | Killed a royal mummy
 59939 | Tomb:1   | Noticed a royal mummy
 59941 | Tomb:1   | Noticed a royal mummy
 59941 | Tomb:1   | Noticed a royal mummy
 59942 | Tomb:1   | Noticed a royal mummy
 59943 | Tomb:1   | Killed a royal mummy
 59943 | Tomb:1   | Noticed a royal mummy
 59945 | Tomb:1   | Killed a royal mummy
 59947 | Tomb:1   | Killed a royal mummy
 59948 | Tomb:1   | Killed a royal mummy
 59949 | Tomb:1   | Killed a royal mummy
 59960 | Tomb:1   | Noticed a royal mummy
 59961 | Tomb:1   | Noticed a royal mummy
 59964 | Tomb:1   | Killed a royal mummy
 59965 | Tomb:1   | Killed a royal mummy
 60227 | Tomb:2   | Noticed a royal mummy
 60227 | Tomb:2   | Noticed a royal mummy
 60227 | Tomb:2   | Noticed a royal mummy
 60228 | Tomb:2   | Noticed a royal mummy
 60234 | Tomb:2   | Killed a royal mummy
 60234 | Tomb:2   | Killed a royal mummy
 60235 | Tomb:2   | Killed a royal mummy
 60235 | Tomb:2   | Killed a royal mummy
 60236 | Tomb:2   | Reached XP level 26. HP: 85/174 MP: 49/49
 60771 | Tomb:2   | Reached skill level 10 in Summonings
 60940 | Tomb:3   | Entered Level 3 of the Tomb of the Ancients
 60957 | Tomb:3   | Noticed a royal mummy
 60957 | Tomb:3   | Gained mutation: You have supernaturally acute eyesight.
                  | (SInv) [mutagenic glow]
 60958 | Tomb:3   | Noticed a royal mummy
 60963 | Tomb:3   | Killed a royal mummy
 60963 | Tomb:3   | Killed a royal mummy
 60963 | Tomb:3   | Killed by a royal mummy's death curse

Illustrated notes

Levels and vault maps discovered:
D:1:      amcnicky_arrival_blooded_trapdoor, layout_loops_ring,
          dreamdust_ecumenical_altar_angels_and_demons, serial_shops, shop,
          minmay_hedge_maze, serial_bayou_pond_b, hangedman_feature_mirror,
          grunt_decor_arrowhead, minmay_misc_feat_x
D:2:      layout_rooms, hangedman_abyss_or_decor_stabs,
          kennysheep_generic_room_11
D:3:      minmay_diamond_boxcup, layout_rooms, minmay_misc_feat_cross,
          amcnicky_mini_corridor_feature, hellmonk_no_cap, uniq_sigmund
D:4:      layout_basic, mainiacjoe_overflow_cross_hatched, uniq_grinder,
          uniq_eustachio
D:5:      layout_gridville
D:6:      layout_rooms, nicolae_vehumet_radiance,
          mainiacjoe_overflow_six_doors_small, zin_scriptorium,
          ebering_ghost_reflecting_pool, uniq_pikel
D:7:      lemuel_bear_cage, layout_cave_pools,
          minmay_temple_entry_enclosed_plants, minmay_misc_feat_pillars,
          kennysheep_generic_room_16, uniq_crazy_yiuf_cottage, uniq_maurice
D:8:      layout_cave_pools, grunt_temple_overflow_opulence, serial_shops, shop,
          gammafunk_ghost_arena
D:9:      layout_basic, erik_orc_1, minmay_door_square, uniq_gastronok,
          uniq_erolcha
D:10:     layout_basic, minmay_lair_entry_grove, nzn_life_drinkers
D:11:     layout_loops_ring, gammafunk_ghost_grave
D:12:     minmay_slanted_spiral_squares, layout_rooms, serial_shops,
          nicolae_shop_temple_entry_statues_fountains
D:13:     layout_loops_cross, gammafunk_ghost_crypt
D:14:     layout_rooms, david_vaults_3, chequers_serial_rivers_small_b
D:15:     hangedman_spin_cycle
Lair:1:   layout_layer_cave, st_stairs_11, patterned_corridor,
          grunt_megastairs_4
Lair:2:   minmay_guarded_unrand_snakebite, layout_loops_ring,
          minmay_shoals_entry_beasts, nicolae_spider_entry_non_spiders,
          minivault_24, infiniplex_staircase_pool_2, grunt_megastairs_5
Lair:3:   layout_small_grid, lemuel_old_faithful, uniq_sonja, uniq_urug
Lair:4:   nzn_winding_woodlands_small [nzn_winding_woodlands_5x15_default,
          nzn_winding_woodlands_center_triple_pond,
          nzn_winding_woodlands_5x15_sawtooth], layout_hall_layers,
          dpeg_slime_entry_corner, minmay_lair_drake_nest,
          infiniplex_staircase_pool
Lair:5:   guppyfry_lair_end_dragon, layout_misc_corridors,
          hangedman_lair_caniforms_friends, gauntlet_entry_generic,
          grunt_megastairs_3
Shoals:1: layout_shoals
Shoals:2: layout_shoals, uniq_louise, uniq_ilsuiw
Shoals:3: layout_shoals, nicolae_shop_self_help
Shoals:4: shoals_end_grunt_ice, layout_shoals, nicolae_shoals_hunting_party,
          uniq_polyphemus
Spider:1: layout_spider_delve
Spider:2: layout_spider_delve, nicolae_spider_circle_web
Spider:3: nicolae_spider_hilbert_zone_7 [nicolae_spider_hilbert_4_sides_1_open,
          nicolae_spider_hilbert_4_sides_1_open,
          nicolae_spider_hilbert_4_sides_1_open,
          nicolae_spider_hilbert_4_sides_1_open,
          nicolae_spider_hilbert_3_sides_1_open,
          nicolae_spider_hilbert_3_sides_1_open,
          nicolae_spider_hilbert_3_sides_1_open,
          nicolae_spider_hilbert_3_sides_1_open,
          nicolae_spider_hilbert_4_sides_1_open,
          nicolae_spider_hilbert_4_sides_1_open,
          nicolae_spider_hilbert_4_sides_1_open,
          nicolae_spider_hilbert_2_sides_1_open,
          nicolae_spider_hilbert_2_sides_1_open,
          nicolae_spider_hilbert_2_sides_1_open,
          nicolae_spider_hilbert_2_sides_1_open,
          nicolae_spider_hilbert_2_sides_1_open,
          nicolae_spider_hilbert_2_sides_1_open], uniq_arachne
Spider:4: grunt_spider_rune_island, worms_lemuel, uniq_roxanne
Orc:1:    layout_caves, uniq_josephine
Orc:2:    st_orc_elflike, layout_caves, basic_altar, uniq_donald, uniq_jorgrun,
          uniq_nessos
Elf:1:    layout_rooms, minmay_elf_demonology
Elf:2:    elven_hall_of_blades_hangedman_original [mumra_blade_entry_bloodbath],
          layout_gridlike, special_room [special_room_orc]
Vaults:1: v_misc_22, vaults_room_door_hall, hangedman_vaults_stream,
          vaults_room_fancy_cross, vaults_room_door_hall,
          nicolae_vaults_branching_niches, vaults_room_stairs_pillars,
          serial_library_hellmonk_open_cross, v_alt_pattern_6,
          nicolae_vaults_tetromino_Z_2, nicolae_vaults_house_3, v_misc_3,
          nicolae_vaults_yaktaur_gun_rack, layout_vaults_ring, serial_shops,
          shop, uniq_asterion
Vaults:2: minmay_crypt_entry_simple_walls,
          nicolae_vaults_taking_the_gang_shopping, ontoclasm_vaults_ring_square,
          nicolae_vaults_arrows, v_alt_pattern_3,
          nicolae_vaults_closet_pinwheel_1, grunt_vaults_bifocal,
          nicolae_vaults_trapezoid_2, v_misc_12, hangedman_vaults_snaps,
          v_misc_14, v_misc_30, nicolae_vaults_tetromino_L_2, vaults_room_grid,
          layout_vaults_big_cross, uniq_margery
Vaults:3: hangedman_vaults_corner, nicolae_vaults_sightless_eye, v_misc_10,
          nicolae_vaults_shipping_containers_5,
          nicolae_vaults_trapezoid_lopsided_1,
          nicolae_vaults_stairing_the_circle, v_misc_16, vaults_mumra_chevron,
          layout_vaults_omnigrid
Vaults:4: v_misc_5, nicolae_vaults_twisting_passages,
          nicolae_vaults_little_squares_5, nicolae_vaults_storage_closets_1,
          serial_library_hellmonk_reading_circle, v_alt_pattern_4,
          nicolae_vaults_turnstiles, nicolae_vaults_c_with_doors,
          nicolae_vaults_wine_cellar, grunt_vaults_focal,
          nicolae_vaults_network_periphery, layout_vaults_maze, serial_shops,
          nicolae_shop_tiny_glass
Vaults:5: serial_shops
Crypt:1:  layout_gridlike, nicolae_crypt_smalloseum
Crypt:2:  layout_chaotic_city, serial_glass, glass_columns_a, glass_columns_a,
          palyth_stone_intersect, uniq_saint_roka
Crypt:3:  evilmike_haunted_forest
Tomb:1
Tomb:2
Tomb:3

Skill      XL: |  1  2  3  4  5  6  7  8  9 10 11 12 13 14 15 16 17 18 19 20 21 22 23 24 25 26 |
---------------+-------------------------------------------------------------------------------+-----
Armour         | 1 2 3 4 6 8 9 10 11 12 14 15 | 15.0
Fighting       | 4 6 8 10 13 15 18 20 | 20.0
Dodging        | 3 4 5 6 |  6.0
Maces & Flails | 4 6 8 10 11 12 | 12.0
Earth Magic    | 3 6 9 10 12 14 16 18 19 20 23 24 26 27 | 27.0
Spellcasting   | 1 3 5 6 7 10 11 12 15 17 18 21 22 23 | 23.1
Conjurations   | 4 9 11 13 15 16 18 20 21 | 21.0
Translocations | 2 4 |  4.0
Staves         | 5 7 9 |  9.3
Evocations     | 2 3 4 |  4.0
Summonings     | 1 4 6 9 10 | 10.0

Action                     |  1- 3 |  4- 6 |  7- 9 | 10-12 | 13-15 | 16-18 | 19-21 | 22-24 | 25-27 || total
---------------------------+-------+-------+-------+-------+-------+-------+-------+-------+-------++-------
  Melee: Mace              |   115 |    71 |       |   130 |       |       |       |       |       ||   316
         Flail             |       |   105 |   148 |       |       |       |       |       |       ||   253
         Whip              |       |       |   211 |   230 |   426 |   520 |    27 |       |       ||  1414
         Dagger            |       |       |   138 |       |       |       |       |       |       ||   138
         Dire flail        |       |       |       |   134 |       |       |       |       |       ||   134
         Scimitar          |       |       |       |       |     6 |       |       |       |       ||     6
         Staff             |       |       |       |       |   105 |   626 |   380 |   880 |   220 ||  2211
  Throw: Dart              |       |     4 |     3 |       |       |       |       |       |       ||     7
   Cast: Lee's Rapid Decon |       |       |     3 |    43 |   102 |    45 |       |       |       ||   193
         Animate Armour    |       |       |     1 |     1 |     5 |       |       |     6 |       ||    13
         Stone Arrow       |       |       |       |    81 |   230 |   103 |    88 |    40 |    10 ||   552
         Sandblast         |       |       |       |    12 |    21 |       |       |       |       ||    33
         Lehudib's Crystal |       |       |       |       |    29 |    55 |    70 |    61 |    39 ||   254
         Blink             |       |       |       |       |     5 |     4 |     1 |       |       ||    10
         Petrify           |       |       |       |       |     3 |    11 |     4 |       |       ||    18
         Bombard           |       |       |       |       |       |    17 |    10 |       |       ||    27
         Spellforged Servi |       |       |       |       |       |    38 |    28 |    31 |    13 ||   110
         Shatter           |       |       |       |       |       |    16 |    68 |    88 |    50 ||   222
         Borgnjor's Vile C |       |       |       |       |       |       |    10 |       |       ||    10
Ability: Evoke Blink       |       |       |       |       |       |       |       |       |     2 ||     2
  Evoke: Wand              |       |       |     2 |     3 |     3 |     1 |       |       |       ||     9
    Use: Potion            |     2 |     5 |     3 |     7 |     2 |     7 |     1 |     4 |    11 ||    42
         Scroll            |       |     3 |     2 |    10 |     9 |     8 |     1 |     2 |     2 ||    37
   Stab: Invisible         |       |       |       |     3 |       |       |       |       |       ||     3
         Petrified         |       |       |       |       |     8 |    38 |     4 |       |       ||    50
         Distracted        |       |       |       |       |     1 |     1 |     2 |     6 |       ||    10
         Petrifying        |       |       |       |       |       |     3 |       |       |       ||     3
 Armour: Robe              |    72 |     3 |       |       |       |       |       |       |       ||    75
         Ring mail         |       |   145 |   368 |   309 |       |       |       |       |       ||   822
         Skin              |       |       |       |     3 |       |    10 |       |       |       ||    13
         Leather armour    |       |       |       |    70 |     1 |       |       |       |       ||    71
         Troll leather arm |       |       |       |       |   499 |  1014 |   278 |    81 |       ||  1872
         Plate armour      |       |       |       |       |       |       |       |   764 |   342 ||  1106
  Dodge: Dodged            |   102 |   122 |   314 |   322 |   297 |   936 |   448 |   552 |   182 ||  3275
  Block: Other             |       |       |       |       |       |     1 |       |       |       ||     1
